 Dungeon Sprint DCSS version 0.30-b1-5-g8e6c1be481 (webtiles) character file.

Game seed: 280450857282518162

7700000 EarthwalkerPL the Axe Maniac (level 26, -44/266 HPs)
             Began as a Minotaur Gladiator on May 4, 2023.
             Was the Champion of Makhleb.
             Annihilated by a meat berserker
             ... wielding a +9 battleaxe
              (72 damage)
             ... in the Dungeon (Sprint VIII: "Arena of Blood").
             The game lasted 00:11:09 (77 turns).

EarthwalkerPL the Axe Maniac (Minotaur Gladiator)     Turns: 77, Time: 00:11:10

Health: -44/266    AC:  6    Str: 24    XL:     26   Next: 33%
Magic:  24/41      EV: 31    Int:  5    God:    Makhleb [******]
Gold:   0          SH:  0    Dex: 19    Spells: 56/56 levels left

rFire   . . .        l - +∞ Axe of Woe
rCold   . . .        (shield currently unavailable)
rNeg    . . .        b - +0 leather armour
rPois   .            c - +0 hat
rElec   .            (no cloak)
rCorr   .            (no gloves)
SInv    .            (no boots)
Will    +....        (no amulet)
Stlth   ++++++++++   m - +30 ring of slaying
HPRegen 0.64/turn    n - +30 ring of slaying
MPRegen 0.27/turn

%: no teleportation
@: no status effects
A: horns 2, retaliatory headbutt
a: Renounce Religion, Minor Destruction, Lesser Servant of Makhleb, Major
Destruction, Greater Servant of Makhleb


You were in the Dungeon.
You worshipped Makhleb.
Makhleb was exalted by your worship.
You visited 1 branch

Inventory:

Hand Weapons
 a - a +0 war axe
 l - the +∞ Axe of Woe (weapon)
   (You found it in the Dungeon)
Missiles
 d - 3 throwing nets (quivered)
 e - a javelin
Armour
 b - a +0 leather armour (worn)
 c - a +0 hat (worn)
Jewellery
 m - a +30 ring of slaying (left hand)
 n - a +30 ring of slaying (right hand)
Potions
 f - a potion of curing
 g - a potion of heal wounds
 h - a potion of haste
 i - 2 potions of magic
 j - a potion of berserk rage


   Skills:
 O Level 27 Fighting
 + Level 25.8(27) Short Blades
 + Level 25.2(27) Long Blades
 O Level 27 Axes
 + Level 25.2(27) Maces & Flails
 + Level 25.2(27) Polearms
 + Level 25.2(27) Staves
 + Level 23.4 Ranged Weapons
 O Level 27 Throwing
 O Level 27 Armour
 O Level 27 Dodging
 O Level 27 Stealth
 + Level 25.2 Shields
 + Level 23.4 Unarmed Combat
 + Level 15.8 Spellcasting
 + Level 17.1 Conjurations
 + Level 15.8 Hexes
 + Level 19.0 Summonings
 + Level 19.0 Necromancy
 + Level 19.0 Translocations
 + Level 20.5 Transmutations
 + Level 19.0 Fire Magic
 + Level 19.0 Ice Magic
 + Level 19.0 Air Magic
 + Level 20.5 Earth Magic
 + Level 19.0 Poison Magic
 + Level 23.9 Invocations
 + Level 22.2 Evocations


You had 56 spell levels left.
You didn't know any spells.
Your spell library was empty.

Dungeon Overview and Level Annotations

Branches:
Dungeon (1/1)

Altars:
Makhleb

Annotations:
D The Servant


Innate Abilities, Weirdness & Mutations

You have a pair of horns on your head.
You reflexively headbutt those who attack you in melee.


Message History

A large bag of meat comes into view. It is wielding a +9 giant spiked club.
You hear a shout! x2
A destroyer comes into view. It is wielding a +9 heavy great sword.
A bag of meat comes into view. It is wielding a +9 war axe.
The dread calls on the powers of darkness!
The bag of meat convulses! x5; Your body is wracked with pain!
* * * LOW HITPOINT WARNING * * *
The bag of meat convulses!
The large bag of meat convulses!
Flame seeps out of the large bag of meat.
The bag of meat convulses! x3; The meat berserker convulses!
The bag of meat convulses!
The meat berserker convulses!
The bag of meat convulses!
The Servant convulses!
The meat berserker convulses!
The bag of meat convulses!
The bag of meat shouts!
The large bag of meat is engulfed in blazing flames.
A bag of meat comes into view. It is wielding a +9 war axe.
You hear a shout! x2
The bag of meat moves out of view.
The Servant comes into view.
He is wielding a +9 glaive of flaming.
You hear a shout! x5
The destroyer points at you and mumbles some strange words.
The destroyer blinks!
The tyrant mumbles some strange words.
A bag of meat comes into view. It is wielding a +9 war axe.
The dread calls on the powers of darkness!
The bag of meat convulses! x2; The large bag of meat convulses!
Flame seeps out of the large bag of meat.
The bag of meat convulses! x3; The meat berserker convulses!
The bag of meat convulses!
Your body is wracked with pain!
* * * LOW HITPOINT WARNING * * *
The bag of meat convulses! x2; The meat berserker convulses!
The bag of meat convulses!
The meat berserker convulses!
The bag of meat convulses!
The bag of meat shouts!
The bag of meat convulses!
The Servant moves out of view.
You hear a shout! 2 bags of meat come into view.
You hear a shout!
The meat berserker hits you with a +9 battleaxe!!!!
You die...

.V.###.☼oo2).###..@
......))###Oo....o.
#....WW)O_.O....o..
.W.o..#OW)..#..o...
......#_)<)_#.O°...
......#.)...#.o....
#........_).oOooWX.
........###.oXoLXXV
...###...@..z###oo.
. #....O..# .
#..O...O#
..........o.
....O....oVo.o.
o.............#
............##..
..#........#. ..


You could see a tyrant, a destroyer, a sculptor of flesh, 2 large bags of meat,
2 large abominations, a dread, 4 meat berserkers and 14 bags of meat.

Vanquished Creatures
  2 hell beasts (D)
  A royal mummy (D)
  7 vampire knights (D)
  31 ogres (D)
  5 two-headed ogres (D)
  2 liches (D)
  35 orcs (D)
  3 skeletal warriors (D)
86 creatures vanquished.

Vanquished Creatures (others)
  An orc (D)
1 creature vanquished.

Grand Total: 87 creatures vanquished

Notes
Turn   | Place    | Note
-------+----------+-------------------------------------------
     0 | D        | Found the +∞ Axe of Woe
     0 | D        | EarthwalkerPL the Minotaur Gladiator began the quest for
                  | the Orb.
     0 | D        | Reached XP level 1. HP: 18/18 MP: 0/0
     2 | D        | Noticed a bag of meat
     3 | D        | Noticed a meat berserker
     3 | D        | Became a worshipper of Makhleb the Destroyer
     3 | D        | Noticed a bag of meat
     3 | D        | Noticed a bag of meat
     4 | D        | Noticed a bag of meat
     5 | D        | Killed a meat berserker
     5 | D        | Noticed a bag of meat
     5 | D        | Noticed a bag of meat
     6 | D        | Reached skill level 10 in Throwing
     6 | D        | Reached XP level 2. HP: 41/41 MP: 1/1
     6 | D        | Reached XP level 3. HP: 48/48 MP: 2/2
     6 | D        | Reached XP level 4. HP: 56/56 MP: 3/3
     6 | D        | Reached XP level 5. HP: 62/62 MP: 4/4
     6 | D        | Reached XP level 6. HP: 70/70 MP: 5/5
     6 | D        | Reached XP level 7. HP: 75/75 MP: 6/6
     6 | D        | Reached XP level 8. HP: 83/83 MP: 7/7
     6 | D        | Reached XP level 9. HP: 90/90 MP: 8/8
     6 | D        | Reached XP level 10. HP: 97/97 MP: 9/9
     6 | D        | Reached XP level 11. HP: 104/104 MP: 10/10
     6 | D        | Noticed a bag of meat
     9 | D        | Killed a bag of meat
     9 | D        | Reached * piety under Makhleb
    10 | D        | Reached XP level 12. HP: 118/118 MP: 11/11
    10 | D        | Noticed a meat berserker
    11 | D        | Killed a bag of meat
    11 | D        | Killed a bag of meat
    11 | D        | Killed a bag of meat
    11 | D        | Reached ** piety under Makhleb
    11 | D        | Killed a bag of meat
    12 | D        | Reached skill level 27 in Axes
    12 | D        | Reached XP level 13. HP: 141/141 MP: 12/12
    12 | D        | Reached XP level 14. HP: 149/149 MP: 13/13
    12 | D        | Killed a bag of meat
    13 | D        | Reached skill level 10 in Stealth
    13 | D        | Killed a bag of meat
    13 | D        | Reached *** piety under Makhleb
    14 | D        | Noticed a meat berserker
    18 | D        | Killed a meat berserker
    19 | D        | Reached XP level 15. HP: 106/170 MP: 14/14
    19 | D        | Noticed a meat berserker
    20 | D        | Noticed a meat berserker
    21 | D        | Noticed a meat berserker
    22 | D        | Killed a meat berserker
    22 | D        | Killed a meat berserker
    22 | D        | Reached **** piety under Makhleb
    23 | D        | Reached skill level 27 in Fighting
    24 | D        | Killed a meat berserker
    25 | D        | Reached skill level 27 in Dodging
    25 | D        | Reached XP level 16. HP: 183/183 MP: 15/15
    25 | D        | Noticed a meat berserker
    25 | D        | Noticed a meat berserker
    26 | D        | Killed a meat berserker
    28 | D        | Reached skill level 27 in Armour
    28 | D        | Noticed a destroyer
    28 | D        | Noticed a meat berserker
    30 | D        | Killed a meat berserker
    30 | D        | Reached ***** piety under Makhleb
    31 | D        | Reached XP level 17. HP: 187/191 MP: 16/16
    31 | D        | Killed a meat berserker
    33 | D        | Killed a meat berserker
    34 | D        | Noticed a meat berserker
    34 | D        | Noticed a destroyer
    35 | D        | Reached skill level 27 in Stealth
    36 | D        | Noticed a large bag of meat
    37 | D        | Reached skill level 27 in Throwing
    37 | D        | Reached XP level 18. HP: 155/200 MP: 17/17
    37 | D        | Noticed a sculptor of flesh
    37 | D        | Noticed a meat berserker
    38 | D        | Reached skill level 1 in Spellcasting
    38 | D        | Reached skill level 1 in Conjurations
    38 | D        | Reached skill level 1 in Hexes
    38 | D        | Reached skill level 1 in Summonings
    38 | D        | Reached skill level 1 in Necromancy
    38 | D        | Reached skill level 1 in Translocations
    38 | D        | Reached skill level 1 in Transmutations
    38 | D        | Reached skill level 1 in Fire Magic
    38 | D        | Reached skill level 1 in Ice Magic
    38 | D        | Reached skill level 1 in Air Magic
    38 | D        | Reached skill level 1 in Earth Magic
    38 | D        | Reached skill level 1 in Poison Magic
    38 | D        | Noticed a sculptor of flesh
    39 | D        | Killed a destroyer
    39 | D        | Reached ****** piety under Makhleb
    40 | D        | Reached skill level 5 in Short Blades
    40 | D        | Reached skill level 5 in Long Blades
    40 | D        | Reached skill level 5 in Maces & Flails
    40 | D        | Reached skill level 5 in Polearms
    40 | D        | Reached skill level 5 in Staves
    40 | D        | Reached skill level 5 in Ranged Weapons
    40 | D        | Reached skill level 5 in Shields
    40 | D        | Reached skill level 5 in Unarmed Combat
    40 | D        | Reached skill level 5 in Invocations
    40 | D        | Killed a meat berserker
    40 | D        | Killed a sculptor of flesh
    40 | D        | Noticed a destroyer
    41 | D        | Reached skill level 5 in Summonings
    41 | D        | Reached skill level 5 in Necromancy
    41 | D        | Reached skill level 5 in Translocations
    41 | D        | Reached skill level 5 in Transmutations
    41 | D        | Reached skill level 5 in Fire Magic
    41 | D        | Reached skill level 5 in Ice Magic
    41 | D        | Reached skill level 5 in Air Magic
    41 | D        | Reached skill level 5 in Earth Magic
    41 | D        | Reached skill level 5 in Poison Magic
    41 | D        | Noticed a destroyer
    43 | D        | Reached skill level 5 in Conjurations
    43 | D        | Reached XP level 19. HP: 207/207 MP: 17/24
    44 | D        | Killed a meat berserker
    45 | D        | Reached skill level 5 in Spellcasting
    45 | D        | Reached skill level 5 in Hexes
    45 | D        | Noticed a meat berserker
    45 | D        | Noticed a meat berserker
    45 | D        | Noticed a destroyer
    46 | D        | Noticed a meat berserker
    46 | D        | Killed a large bag of meat
    46 | D        | Killed a destroyer
    47 | D        | Reached skill level 10 in Short Blades
    47 | D        | Reached skill level 10 in Long Blades
    47 | D        | Reached skill level 10 in Maces & Flails
    47 | D        | Reached skill level 10 in Polearms
    47 | D        | Reached skill level 10 in Staves
    47 | D        | Reached skill level 10 in Shields
    47 | D        | Reached skill level 10 in Invocations
    47 | D        | Noticed a destroyer
    47 | D        | Noticed a meat berserker
    48 | D        | Killed a destroyer
    48 | D        | Killed a meat berserker
    49 | D        | Reached skill level 10 in Evocations
    49 | D        | Reached XP level 20. HP: 184/216 MP: 18/29
    49 | D        | Noticed a meat berserker
    49 | D        | Noticed a meat berserker
    49 | D        | Noticed a meat berserker
    50 | D        | Noticed a meat berserker
    50 | D        | Noticed an accursed
    50 | D        | Killed a meat berserker
    50 | D        | Killed a meat berserker
    50 | D        | Noticed a destroyer
    50 | D        | Noticed a meat berserker
    51 | D        | Reached skill level 10 in Transmutations
    51 | D        | Reached skill level 10 in Earth Magic
    51 | D        | Killed a destroyer
    51 | D        | Noticed a tyrant
    52 | D        | Reached skill level 10 in Summonings
    52 | D        | Reached skill level 10 in Necromancy
    52 | D        | Reached skill level 10 in Translocations
    52 | D        | Reached skill level 10 in Fire Magic
    52 | D        | Reached skill level 10 in Ice Magic
    52 | D        | Reached skill level 10 in Air Magic
    52 | D        | Reached skill level 10 in Poison Magic
    52 | D        | Reached XP level 21. HP: 224/224 MP: 19/32
    53 | D        | Reached skill level 15 in Short Blades
    53 | D        | Noticed a tyrant
    53 | D        | Noticed a large bag of meat
    53 | D        | Noticed a large bag of meat
    53 | D        | Noticed a large bag of meat
    54 | D        | Killed a destroyer
    55 | D        | Reached skill level 15 in Long Blades
    55 | D        | Reached skill level 15 in Maces & Flails
    55 | D        | Reached skill level 15 in Polearms
    55 | D        | Reached skill level 15 in Staves
    55 | D        | Reached skill level 15 in Shields
    55 | D        | Reached skill level 10 in Conjurations
    55 | D        | Reached skill level 15 in Invocations
    55 | D        | Noticed a large bag of meat
    56 | D        | Reached skill level 15 in Ranged Weapons
    56 | D        | Reached skill level 15 in Unarmed Combat
    56 | D        | Reached skill level 10 in Spellcasting
    56 | D        | Reached skill level 10 in Hexes
    56 | D        | Reached XP level 22. HP: 216/233 MP: 19/35
    57 | D        | Reached skill level 15 in Evocations
    58 | D        | Noticed an accursed
    59 | D        | Killed a destroyer
    60 | D        | Reached skill level 15 in Transmutations
    60 | D        | Reached skill level 15 in Earth Magic
    60 | D        | Reached XP level 23. HP: 209/240 MP: 20/37
    61 | D        | Killed an accursed
    62 | D        | Noticed a dread
    62 | D        | Killed a tyrant
    63 | D        | Reached skill level 15 in Summonings
    63 | D        | Reached skill level 15 in Necromancy
    63 | D        | Reached skill level 15 in Translocations
    63 | D        | Reached skill level 15 in Fire Magic
    63 | D        | Reached skill level 15 in Ice Magic
    63 | D        | Reached skill level 15 in Air Magic
    63 | D        | Reached skill level 15 in Poison Magic
    63 | D        | Noticed a dread
    63 | D        | Killed a large bag of meat
    63 | D        | Noticed a destroyer
    64 | D        | Reached XP level 24. HP: 190/249 MP: 21/39
    65 | D        | Killed a tyrant
    66 | D        | Noticed a meat beast
    67 | D        | Noticed a dread
    67 | D        | Killed a large bag of meat
    67 | D        | Killed a large bag of meat
    67 | D        | Noticed a meat beast
    67 | D        | Noticed a destroyer
    68 | D        | Reached skill level 15 in Conjurations
    68 | D        | Noticed a large bag of meat
    68 | D        | Noticed a dread
    69 | D        | Killed a meat beast
    69 | D        | Noticed a meat beast
    70 | D        | Reached XP level 25. HP: 95/257 MP: 22/40
    71 | D        | Noticed a dread
    72 | D        | Reached skill level 15 in Spellcasting
    72 | D        | Reached skill level 15 in Hexes
    72 | D        | Noticed a meat beast
    72 | D        | Killed a meat beast
    73 | D        | Reached XP level 26. HP: 35/266 MP: 23/41
    73 | D        | Killed a destroyer
    73 | D        | Noticed a dread
    74 | D        | Noticed a meat beast
    74 | D        | Killed a large bag of meat
    75 | D        | Noticed a destroyer
    75 | D        | Noticed a tyrant
    75 | D        | Noticed a large bag of meat
    75 | D        | Noticed a destroyer
    76 | D        | Noticed The Servant
    77 | D        | Annihilated by a meat berserker

Illustrated notes

Levels and vault maps discovered:
D:        meatsprint

Skill      XL: |  1  2  3  4  5  6  7  8  9 10 11 12 13 14 15 16 17 18 19 20 21 22 23 24 25 26 |
---------------+-------------------------------------------------------------------------------+-----
Fighting       | 11 14 20 25 27 | 27.0
Axes           | 22 23 27 | 27.0
Throwing       | 10 17 27 | 27.0
Dodging        | 20 22 24 27 | 27.0
Armour         | 6 12 16 24 27 | 27.0
Stealth        | 4 9 13 19 23 27 | 27.0
Short Blades   | 8 12 14 16 19 21 24 25 | 25.8
Long Blades    | 8 12 14 16 18 20 23 24 25 | 25.2
Maces & Flails | 8 12 14 16 18 21 23 24 25 | 25.2
Polearms       | 8 12 14 16 18 20 23 24 25 | 25.2
Staves         | 8 12 14 16 18 20 23 24 25 | 25.2
Ranged Weapons | 7 11 12 15 17 19 21 23 | 23.4
Shields        | 8 12 14 16 18 21 23 24 25 | 25.2
Unarmed Combat | 7 11 12 15 17 19 21 23 | 23.4
Spellcasting   | 4 7 8 10 11 13 14 15 | 15.8
Conjurations   | 5 7 9 11 12 14 16 17 | 17.1
Hexes          | 4 7 8 10 11 13 14 15 | 15.8
Summonings     | 5 8 10 12 13 15 17 18 19 | 19.0
Necromancy     | 5 8 10 12 13 15 17 18 19 | 19.0
Translocations | 5 8 10 12 13 15 17 18 19 | 19.0
Transmutations | 6 9 11 13 15 16 19 20 | 20.5
Fire Magic     | 5 8 10 12 13 15 17 18 19 | 19.0
Ice Magic      | 5 8 10 12 13 15 17 18 19 | 19.0
Air Magic      | 5 8 10 12 13 15 17 18 19 | 19.0
Earth Magic    | 6 9 11 13 15 16 19 20 | 20.5
Poison Magic   | 5 8 10 12 13 15 17 18 19 | 19.0
Invocations    | 7 11 13 15 17 19 22 23 | 23.9
Evocations     | 6 10 12 14 16 18 20 21 22 | 22.2

Action                     |  1- 3 |  4- 6 |  7- 9 | 10-12 | 13-15 | 16-18 | 19-21 | 22-24 | 25-27 || total
---------------------------+-------+-------+-------+-------+-------+-------+-------+-------+-------++-------
  Melee: Executioner's axe |     1 |       |       |     2 |     5 |    13 |     8 |    12 |     5 ||    46
    Use: Scroll            |       |       |       |       |       |       |       |       |     1 ||     1
 Armour: Leather armour    |       |       |       |       |       |       |       |     1 |       ||     1
  Dodge: Dodged            |       |       |       |       |     1 |       |       |     1 |     2 ||     4
